 Dungeon Crawl Stone Soup version 0.29.1-2-gbd0b4ee654 (webtiles) character file.

Game seed: 3745114705895533105

121 cdecastro the Stinger (level 5, 0/42 HPs)
             Began as a Naga Venom Mage on Nov 7, 2022.
             Was a Follower of Vehumet.
             Slain by an orc
             ... wielding a +0 flail
              (5 damage)
             ... on level 4 of the Dungeon on Nov 8, 2022.
             The game lasted 00:06:43 (4713 turns).

cdecastro the Stinger (Naga Venom Mage)             Turns: 4713, Time: 00:06:44

Health: 0/42       AC:  2    Str: 11    XL:     5   Next: 5%
Magic:  8/8        EV:  9    Int: 17    God:    Vehumet [*.....]
Gold:   70         SH:  0    Dex: 11    Spells: 2/8 levels left

rFire   . . .      SeeInvis +   r - +0 spear (venom)
rCold   . . .      Faith    .   (no shield)
rNeg    . . .      Spirit   .   a - +0 robe
rPois   +          Reflect  .   (no helmet)
rElec   .          Harm     .   (no cloak)
rCorr   +          Rampage  .   (no gloves)
Will    .....                   (no barding)
Stlth   ++........              (no amulet)
HPRegen 0.14/turn               w - ring of resist corrosion
MPRegen 0.11/turn               (no ring)

@: lethally poisoned (0 -> -4), short of breath, very slow
A: AC +1, large, see invisible, deformed body, poison resistance, slowness 2,
spit poison 1, naga tail 1
a: Spit Poison, Renounce Religion


You were on level 4 of the Dungeon.
You worshipped Vehumet.
Vehumet was aware of your devotion.
You visited 1 branch of the dungeon, and saw 4 of its levels.

You collected 152 gold pieces.
You spent 82 gold pieces at shops.

Inventory:

Hand Weapons
 c - a +0 whip
 k - a +0 dagger
 m - a +0 dagger of flaming
 r - a +0 spear of venom (weapon)
Missiles
 d - 4 boomerangs
 e - 20 stones
Armour
 a - a +0 robe (worn)
 j - a +0 ring mail
Jewellery
 w - a ring of resist corrosion (left hand)
Scrolls
 f - 2 scrolls of teleportation {unknown}
 g - a scroll of enchant armour {unknown}
 h - a scroll of enchant weapon {unknown}
 l - a scroll of noise {unknown}
 t - a scroll of magic mapping {unknown}
Potions
 b - a potion of magic
 i - a potion of mutation
 n - 3 potions of resistance
 o - a potion of brilliance
 q - 4 potions of haste
 u - a potion of attraction {unknown}
 v - a potion of curing {unknown}


   Skills:
 - Level 1.5 Dodging
 - Level 3.0 Stealth
 - Level 2.0 Spellcasting
 - Level 1.0 Transmutations
 + Level 7.4 Poison Magic


You had 2 spell levels left.
You knew the following spells:

 Your Spells              Type           Power      Damage    Failure   Level
a - Sting                 Tmut/Pois      60%        1d6       3%          1
b - Poisonous Vapours     Pois/Air       28%        N/A       6%          2
c - Mephitic Cloud        Conj/Pois/Air  10%        N/A       22%         3

Your spell library contained the following spells:

 Spells                   Type           Power      Damage    Failure   Level
 Sandblast                Erth           2%         2d4       19%         1
 Freeze                   Ice            4%         1d3       19%         1
 Sublimation of Blood     Necr           1%         N/A       28%         2
 Olgreb's Toxic Radiance  Pois           26%        N/A       10%         4
 Frozen Ramparts          Ice            2%         1d1       50%         3
 Petrify                  Tmut/Erth      3%         N/A       83%         4
 Hailstorm                Conj/Ice       1%         3d3       88%         4
 Irradiate                Conj/Tmut      1%         3d12      99%         5
 Summon Forest            Summ/Tloc      0%         N/A       99%         5
 Summon Mana Viper        Hex/Summ       1%         N/A       99%         5
 Summon Cactus Giant      Summ           0%         N/A       100%        6


Dungeon Overview and Level Annotations

Branches:
Dungeon (4/15)
 Temple: D:4-7

Altars:
Vehumet

Shops:
D:2 *


Innate Abilities, Weirdness & Mutations

Your serpentine skin is tough. (AC +1)
You have supernaturally acute eyesight. (SInv)
Armour fits poorly on your strangely shaped body.
Your system is resistant to poisons. (rPois)
You cover ground very slowly.
You can spit poison.
You have a snake-like lower body.


Message History

The adder barely misses you.
You hit the adder.
The adder is moderately wounded.
You feel sick. The orc hits you with a +0 flail. The adder bites you.
You are more poisoned.
The adder poisons you!
An adder comes into view.
You are too injured to fight recklessly!
The adder hisses angrily.
You hit the adder.
The adder looks as sick as possible!
The adder is severely wounded.
You feel very sick.
You kill the adder!
Vehumet accepts your kill.
An orc comes into view. It is wielding a +0 mace.
The orc closely misses you.
You have reached level 5!
Unknown command.
You hit the orc.
The orc is heavily wounded.
You feel sick. The orc hits you with a +0 flail.
* * * LOW HITPOINT WARNING * * *
An orc wizard comes into view. It is wielding a +0 dagger.
Unknown command.
You closely miss the orc.
The orc is heavily wounded.
You feel sick.
The orc wizard casts a spell.
The orc wizard flickers and vanishes for a moment.
The orc hits you with a +0 flail!
* * * LOW HITPOINT WARNING * * *
Unknown command.
Aiming: Spit Poison (1% risk of failure)
Press: ? - help, Q - select action, (/) - cycle Shift-Dir - straight line, f - adder
Aim: an adder (37% to hit)
The splash of poison misses the adder.
You feel sick. The orc hits you with a +0 hand axe.
* * * LOW HITPOINT WARNING * * *
The orc hits you with a +0 flail.
You die...

#...#..# .##..
#.<....#####........
##..##.............. ###
#...#.#............
..####.#.#.#............
.........#..............
..####.#####.$..........
### #.# #?.......$...
#.# #....@†.S.... ..#
###..oo...... .##
###........ . ##o......
o...... ....... ##.....
.##.#


You could see an orc wizard (invisible), an adder and 3 orcs.

Vanquished Creatures
  5 adders
  A worm (D:3)
  2 dart slugs (D:2)
  2 orcs
  6 ball pythons
  6 endoplasms
  3 giant cockroaches
  5 goblins
  6 hobgoblins
  3 quokkas
  5 bats
  2 frilled lizards
  8 kobolds
  6 rats
60 creatures vanquished.

Notes
Turn   | Place    | Note
-------+----------+-------------------------------------------
     0 | D:1      | cdecastro the Naga Venom Mage began the quest for the Orb.
     0 | D:1      | Reached XP level 1. HP: 15/15 MP: 3/3
   644 | D:1      | Reached XP level 2. HP: 8/22 MP: 5/5
  1097 | D:1      | Reached skill level 5 in Poison Magic
  2078 | D:2      | Reached XP level 3. HP: 28/28 MP: 4/6
  2489 | D:2      | Found a radiant altar of Vehumet.
  2554 | D:2      | Found Vicsozim's Assorted Antiques.
  2560 | D:2      | Bought a ruby potion for 19 gold pieces
  2560 | D:2      | Bought a scroll labelled SEPTIZ LYD VONUUFI for 22 gold
                  | pieces
  2560 | D:2      | Bought a brown potion for 19 gold pieces
  2560 | D:2      | Bought a scroll labelled SEPTIZ LYD VONUUFI for 22 gold
                  | pieces
  3057 | D:2      | Became a worshipper of Vehumet
  3159 | D:3      | Learned a level 2 spell: Poisonous Vapours
  3163 | D:3      | Learned a level 3 spell: Mephitic Cloud
  3270 | D:3      | Reached skill level 6 in Poison Magic
  3690 | D:3      | Reached XP level 4. HP: 31/36 MP: 7/7
  4448 | D:3      | Reached skill level 7 in Poison Magic
  4654 | D:4      | Reached * piety under Vehumet
  4654 | D:4      | Offered knowledge of Sandblast by Vehumet.
  4711 | D:4      | Reached XP level 5. HP: 22/42 MP: 8/8
  4713 | D:4      | Slain by an orc

Illustrated notes

Levels and vault maps discovered:
D:1:      evilmike_arrival_crescent, layout_basic
D:2:      layout_loops_ring, serial_shops, shop, basic_altar,
          kennysheep_cross_bottleneck
D:3:      minmay_wonky_spiral, layout_loops_ring, minmay_between
D:4:      layout_loops_cross, nicolae_overflow_quartered_altars,
          minmay_temple_entry_stoned_glass, nicolae_shop_fire_sale
          [nicolae_sub_dead_trees], kennysheep_doodads

Skill      XL: |  1  2  3  4 |
---------------+-------------+-----
Poison Magic   | 5 6 7 |  7.4
Dodging        | |  1.5
Stealth        | |  3.0
Spellcasting   | |  2.0
Transmutations | |  1.0

Action                   |  1- 3 |  4- 6 || total
-------------------------+-------+-------++-------
Melee: Whip              |    27 |       ||    27
       Unarmed           |     6 |       ||     6
       Dagger            |    39 |       ||    39
       Punch             |     2 |       ||     2
       Spear             |    29 |    50 ||    79
 Cast: Sting             |    25 |       ||    25
 Abil: Spit Poison       |     4 |     1 ||     5
  Use: Scroll            |       |     5 ||     5
 Stab: Sleeping          |    10 |     3 ||    13
Armor: Robe              |    11 |     6 ||    17
Dodge: Dodged            |    52 |    18 ||    70
